AoeStats
← flynorc

Four Lakes

507772940Analyzed
1v1 RM · 12d ago on Sep 19, 2026· 53m 50s· 2 players
Game mode
Random Map
Map size
Tiny (2 player)
Population
200
Speed
Normal
Resources
Standard
Victory
Conquest
Starting age
Dark Age
Ending age
Imperial Age
RankedLock teamsTeams togetherTeam positionsShared explorationLock speedFull tech treeHidden civsTurbo modeCheats
Victory
Defeat
🇦🇹 Italians · Austria
1582
+15
🇩🇪 Japanese · Germany
1563
-15
Lil Jon
4:42 Loom
11:12 Feudal Age
12:15 Town Watch
13:16 Double-Bit Axe
16:27 Castle Age
14:13 Fishing Lines
14:40 Gold Mining
17:24 Medium Warships
19:10 Bow Saw
19:37 Gillnets
20:41 Wheelbarrow
24:22 Hand Cart
25:22 Fletching
25:10 Crossbowman
30:09 Imperial Age
29:57 Scale Mail Armor
30:07 Forging
31:25 Pikeman
32:05 Squires
32:34 Chain Mail Armor
32:54 Iron Casting
32:28 Treadmill Crane
33:00 Masonry
33:17 Conscription
33:25 Halberdier
34:55 Arson
34:55 Gambesons
34:31 Man-at-Arms
35:21 Long Swordsman
36:31 Bodkin Arrow
36:37 Padded Archer Armor
37:17 Ballistics
37:58 Chemistry
37:21 Bracer
36:46 Elite Skirmisher
38:45 Leather Archer Armor
39:01 Plate Mail Armor
39:25 Thumb Ring
40:35 Hoardings
41:25 Ring Archer Armor
41:55 Blast Furnace
41:50 Siege Engineers
43:16 Two-Man Saw
43:04 Heavy Warships
42:29 Two-Handed Swordsman
43:08 Arbalester
44:16 Champion
47:48 Yasama
49:18 Guard Tower
49:23 Stone Mining
50:10 Capped Ram
flynorc
7:56 Loom
10:58 Feudal Age
15:26 Castle Age
15:42 Double-Bit Axe
16:28 Forging
16:43 Medium Warships
19:06 Fishing Lines
19:41 Bow Saw
20:01 Fletching
24:07 Gillnets
26:18 Ballistics
26:09 Masonry
27:34 Horse Collar
29:54 Wheelbarrow
29:05 Town Watch
32:23 Imperial Age
31:00 Bodkin Arrow
31:14 Thumb Ring
31:28 Bloodlines
31:23 Padded Archer Armor
31:04 Light Cavalry
32:51 Hand Cart
32:54 Husbandry
33:11 Leather Archer Armor
34:12 Two-Man Saw
33:13 Heavy Plow
33:45 Bracer
35:34 Chemistry
35:00 Scale Barding Armor
35:06 Elite Genoese Crossbowman
37:51 Chain Barding Armor
37:55 Gold Mining
38:36 Crop Rotation
37:57 Stone Mining
38:40 Ring Archer Armor
38:31 Chain Barding Armor
39:35 Elite Cannon Galleon
39:58 Hussar
42:14 Plate Barding Armor
42:14 Iron Casting
42:45 Hoardings
47:22 Elite Skirmisher
49:39 Blast Furnace
49:10 Architecture
49:05 Conscription
50:08 Crossbowman
51:22 Arbalester
Connection lost

Rejoining the realm…

Still unreachable

The connection could not be restored.

Session expired

The server has moved on; the page needs a fresh start.